 Dungeon Crawl Stone Soup version 0.21.1-1-g345015f (webtiles) character file.

221 Mirai the Conjurer (level 5, -1/28 HPs)
             Began as a Deep Elf Conjurer on Apr 17, 2018.
             Slain by an orc
             ... wielding a +0 flail
              (10 damage)
             ... on level 3 of the Dungeon.
             The game lasted 00:08:06 (2443 turns).

Mirai the Conjurer (Deep Elf Conjurer)              Turns: 2443, Time: 00:08:07

Health: -1/28      AC:  3    Str:  5    XL:     5   Next: 65%
Magic:  15/15      EV: 13    Int: 21    God:
Gold:   115        SH:  0    Dex: 15    Spells: 8/15 levels left

rFire    . . .     SeeInvis .   d - +4 quarterstaff (chaos)
rCold    . . .     Gourm    .   (shield currently unavailable)
rNeg     + . .     Faith    .   a - +0 robe
rPois    .         Spirit   .   (no helmet)
rElec    .         Reflect  .   n - +0 cloak
rCorr    .         Harm     .   (no gloves)
MR       .....                  (no boots)
Stlth    ++........             (no amulet)
HPRegen  0.09/turn              l - ring of positive energy
MPRegen  0.14/turn              (no ring)

@: lethally poisoned (-1 -> -4)
A: no striking features
a: no special abilities


You were on level 3 of the Dungeon.
You were not hungry.

You visited 1 branch of the dungeon, and saw 3 of its levels.

You collected 115 gold pieces.

Inventory:

Hand Weapons
 d - a +4 quarterstaff of chaos (weapon)
 s - a +2 dagger of draining
Armour
 a - a +0 robe (worn)
 n - a +0 cloak (worn)
Jewellery
 l - a ring of positive energy (left hand)
Wands
 q - a wand of digging (13)
Scrolls
 g - a scroll of fog {unknown}
 i - 2 scrolls of remove curse {unknown}
 j - a scroll of magic mapping {unknown}
 k - 3 scrolls of identify {unknown}
 m - a scroll of enchant armour {unknown}
 p - a scroll of teleportation {unknown}
Potions
 f - 2 potions of might {unknown}
 h - a potion of lignification {unknown}
 o - a potion of degeneration {unknown}
Books
 b - a book of Conjurations

   Spells                             Type                      Level
   a - Magic Dart                     Conjuration                  1
   b - Searing Ray                    Conjuration                  2
   c - Dazzling Spray                 Conjuration/Hexes            3
   d - Fulminant Prism                Conjuration/Hexes            4
   e - Force Lance                    Conjuration/Translocation    4
   f - Iskenderun's Mystic Blast      Conjuration                  4
Comestibles
 c - 3 rations
 r - 3 chunks of flesh


   Skills:
 - Level 2.5 Dodging
 - Level 2.9 Stealth
 - Level 0.1 Unarmed Combat
 * Level 5.5 Spellcasting
 + Level 6.3 Conjurations


You had 8 spell levels left.
You knew the following spells:

 Your Spells              Type           Power        Failure   Level  Hunger
a - Magic Dart            Conj           ####         1%          1    None
b - Searing Ray           Conj           ####..       1%          2    None
c - Iskenderun's Mystic   Conj           ####....     8%          4    ####...


Dungeon Overview and Level Annotations

Branches:
Dungeon (3/15)

Altars:
Wu Jian
Xom
The Shining One


Message History

The adder bites you. The orc hits you but does no damage.
A kobold comes into view.
You closely miss the adder.
The adder is heavily wounded.
The adder bites you. The orc hits you but does no damage.
The adder barely misses you.
You closely miss the adder.
The adder is heavily wounded.
The adder closely misses you. The orc completely misses you.
The adder barely misses you.
You barely miss the adder.
The adder is heavily wounded.
The kobold shouts!
The adder bites you.
You are poisoned.
The adder poisons you! The orc barely misses you.
Unknown command.
It was a potion of magic.
Magic courses through your body.
You feel sick. The adder misses you. The orc hits you with a flail!
You die...

###.####......#.......#...#
#.##........#.......#...###
#.#..#......#.#...#.#.....#
##.#.###.....#.......#..##.#
#....##......##.....##..##.#
##..####.##...###.⌠ ##..##..
#...# #..# ....#######...###.
#.#.###.## #o..........#.##.)
####.#.....# #@..........).....
>....#..#### #S######......###.
........# ###.........#.......
....#...#####..†.#####....÷.....
............(....#.........###.#
....#.#.......K#...##....(.# #.#
....#.#...............####.# #.#
<.. #.#.....(...###### #.# #..
.. #.#####....### ... ###


You could see an adder, an orc and a kobold.

Vanquished Creatures
  An orc priest (D:3)
  2 orc wizards (D:3)
  Crazy Yiuf (D:2)
  A centaur skeleton (D:2)
  An adder (D:3)
  An ooze (D:2)
  A worm (D:2)
  A leopard gecko (D:1)
  4 orcs
  3 giant cockroaches (D:1)
  8 goblins
  6 hobgoblins
  6 jackals
  8 kobolds
  A quokka (D:3)
  7 bats
  4 frilled lizards
  7 rats
63 creatures vanquished.

Vanquished Creatures (others)
  4 toadstools (D:1)
4 creatures vanquished.

Grand Total: 67 creatures vanquished

Notes
Turn   | Place    | Note
-------+----------+-------------------------------------------
     0 | D:1      | Mirai the Deep Elf Conjurer began the quest for the Orb.
     0 | D:1      | Reached XP level 1. HP: 10/10 MP: 6/6
   117 | D:1      | Reached XP level 2. HP: 15/15 MP: 5/8
   202 | D:1      | Reached skill level 5 in Conjurations
   873 | D:2      | Reached XP level 3. HP: 15/19 MP: 0/9
   883 | D:2      | Found an ornate altar of the Wu Jian Council.
  1141 | D:2      | Reached XP level 4. HP: 16/24 MP: 0/11
  1550 | D:2      | Found a runed door.
  1557 | D:2      | Learned a level 2 spell: Searing Ray
  1562 | D:2      | Learned a level 4 spell: Iskenderun's Mystic Blast
  1562 | D:2      | Noticed Crazy Yiuf
  1569 | D:2      | Killed Crazy Yiuf
  1822 | D:3      | Reached skill level 6 in Conjurations
  1831 | D:2      | HP: 1/24 [orc (1)]
  1832 | D:2      | Reached XP level 5. HP: 1/28 MP: 0/13
  2201 | D:3      | Found a glowing golden altar of the Shining One.
  2201 | D:3      | Found a shimmering altar of Xom.
  2267 | D:3      | Reached skill level 5 in Spellcasting
  2443 | D:3      | Slain by an orc

Skill      XL: |  1  2  3  4  5 |
---------------+----------------+-----
Conjurations   | 5 6 |  6.3
Spellcasting   | 4 5 |  5.5
Dodging        | |  2.5
Stealth        | |  2.9
Unarmed Combat | |  0.1

Action                   |  1- 3 |  4- 6 || total
-------------------------+-------+-------++-------
Melee: Unarmed           |    24 |    13 ||    37
       Quarterstaff      |       |    10 ||    10
 Cast: Magic Dart        |    68 |    40 ||   108
       Iskenderun's Myst |       |     4 ||     4
       Searing Ray       |       |     8 ||     8
  Use: Potion            |       |     1 ||     1
  Eat: Chunk             |       |     2 ||     2
       Ration            |       |     1 ||     1
Armor: Robe              |     9 |    11 ||    20
Dodge: Dodged            |    47 |    35 ||    82
